 Dungeon Crawl Stone Soup version 0.31-a0-271-gb88eb75e06 (webtiles) character file.

Game seed: 2498098507453130764

224 gruber the Ruffian (level 5, -1/48 HPs)
             Began as a Troll Shapeshifter on July 14, 2023.
             Slain by a gnoll
             ... wielding a +0 spear
              (4 damage)
             ... on level 4 of the Dungeon.
             The game lasted 00:02:18 (2462 turns).

gruber the Ruffian (Troll Shapeshifter)             Turns: 2462, Time: 00:02:18

Health: -1/48      AC:  4    Str: 25    XL:     5   Next: 67%
Magic:  4/4        EV:  9    Int:  4    God:
Gold:   116        SH:  0    Dex: 10    Spells: 4/4 levels left

rFire   . .          .
                       - Unarmed
rCold   . . .        (no shield)
rNeg    . . .        a - +0 animal skin
rPois   .            (helmet currently unavailable)
rElec   .            (cloak currently unavailable)
rCorr   .            (gloves unavailable)
SInv    .            (boots unavailable)
Will    .....        (no amulet)
Stlth   +            (no ring)
HPRegen 1.08/turn    (no ring)
MPRegen 0.09/turn

%: no passive effects
@: beast-form
A: beast (slay +2), large, unfitting armour, claws 3, regeneration 1, shaggy fur
1, tough skin 1
a: Begin Untransformation


You were on level 4 of the Dungeon.
You were a hulking beast.
You visited 1 branch of the dungeon, and saw 4 of its levels.

You collected 116 gold pieces.

Inventory:

Hand Weapons
 n - the +7 lajatang of Order {silver, rMut}
   (You found it on level 2 of the Dungeon)

   rMut:      It protects you from mutation.
Missiles
 g - 8 poisoned darts (quivered)
Armour
 a - a +0 animal skin (worn)
Jewellery
 m - a ring of flight
Talismans
 c - a beast talisman
Scrolls
 d - 2 scrolls of torment {unknown}
 e - 2 scrolls of immolation {unknown}
 k - 5 scrolls of teleportation {unknown}
 o - a scroll of blinking {unknown}
 p - a scroll of enchant armour {unknown}
 q - 4 scrolls of identify {unknown}
 t - a scroll of poison {unknown}
 u - a scroll of noise {unknown}
Potions
 b - 3 potions of lignification
 f - a potion of curing {unknown}
 h - 2 potions of ambrosia {unknown}
 i - a potion of berserk rage {unknown}
 j - a potion of attraction {unknown}
 l - a potion of degeneration {unknown}
 r - 2 potions of haste {unknown}
 s - a potion of mutation {unknown}


   Skills:
 - Level 1.5 Fighting
 - Level 1.5 Dodging
 + Level 6.0 Unarmed Combat
 - Level 3.0 Shapeshifting


You had 4 spell levels left.
You didn't know any spells.
Your spell library contained the following spells:

 Spells                   Type           Power      Damage    Failure   Level
 Inner Flame              Hex/Fire       0%         N/A       86%         3
 Yara's Violent Unravell  Hex/Tmut       0%         3d3       100%        5
 Enfeeble                 Hex            0%         N/A       100%        7


Dungeon Overview and Level Annotations

Branches:
Dungeon (4/15)
 Temple: D:4-7

Altars:
Wu Jian

Shops:
D:3 (


Innate Abilities, Weirdness & Mutations

You are a hulking beast.
Your limbs bulge with bestial killing power. (Slay +2)
You are too large for most types of armour.
You have claws for hands.
Your natural rate of healing is unusually fast.
You are covered in fur. (AC +1)
You have tough skin. (AC +1)


Message History

The gnoll hits you from afar with a +0 spear.
You are too injured to fight recklessly!
You are too injured to fight recklessly!
You are too injured to fight recklessly!
You are too injured to fight recklessly!
You closely miss the iguana. The iguana closely misses you.
You scratch the iguana.
The iguana is moderately wounded.
The iguana barely misses you.
You mangle the iguana!!
You kill the iguana!
The gnoll hits you from afar with a +0 spear.
A gnoll comes into view. It is wielding a +0 spear.
The gnoll hits you with a +0 spear.
* * * LOW HITPOINT WARNING * * *
The gnoll hits you from afar with a +0 spear.
* * * LOW HITPOINT WARNING * * *
You see here an iguana corpse.
You completely miss the gnoll. You barely miss the gnoll.
The gnoll shouts!
You claw the gnoll!
The gnoll is severely wounded.
The gnoll hits you from afar with a +0 spear.
* * * LOW HITPOINT WARNING * * *
The gnoll hits you but does no damage.
You scratch the gnoll.
You kill the gnoll!
The gnoll hits you but does no damage.
Your Unarmed Combat skill increases to level 6!
The gnoll barely misses you.
The gnoll hits you from afar with a +0 spear!
* * * LOW HITPOINT WARNING * * *
You see here a +0 spear.
You claw the gnoll!
The gnoll is severely wounded.
The gnoll barely misses you.
A gnoll comes into view. It is wielding a +0 spear.
The gnoll hits you from afar with a +0 spear.
You die...

## ####### #. #######
#.....# ####.
.......####.....#####....
#(ggh†...........)...
#.....####.........#...#
.....g. #......##.#...#
...#.[. #......##.#...#
#<...#. #......##......
####.#. ######.######## .
#. ..# .. #. .## .


You could see 3 gnolls.

Vanquished Creatures
  An ogre (D:4)
  2 iguanas (D:4)
  A gnoll (D:4)
  2 adders (D:2)
  A worm (D:2)
  3 dart slugs
  2 orcs
  2 endoplasms
  2 giant cockroaches (D:1)
  2 goblins
  5 hobgoblins
  8 jackals
  A quokka (D:1)
  4 ball pythons
  5 bats
  4 frilled lizards
  3 kobolds
  6 rats
54 creatures vanquished.

Notes
Turn   | Place    | Note
-------+----------+-------------------------------------------
     0 | D:1      | gruber the Troll Shapeshifter began the quest for the Orb.
     0 | D:1      | Reached XP level 1. HP: 19/19 MP: 0/0
   291 | D:1      | Reached XP level 2. HP: 27/27 MP: 1/1
   480 | D:1      | Reached skill level 3 in Unarmed Combat
   884 | D:2      | Reached XP level 3. HP: 33/33 MP: 2/2
  1010 | D:2      | Found the +7 lajatang of Order {silver, rMut}
  1230 | D:2      | Reached skill level 4 in Unarmed Combat
  1847 | D:3      | Reached XP level 4. HP: 41/41 MP: 3/3
  2131 | D:3      | Found an ornate altar of the Wu Jian Council.
  2174 | D:3      | Found Haodyb's Antique Weapon Emporium.
  2340 | D:4      | Noticed an ogre
  2346 | D:4      | Killed an ogre
  2347 | D:4      | Reached skill level 5 in Unarmed Combat
  2347 | D:4      | Reached XP level 5. HP: 19/48 MP: 4/4
  2461 | D:4      | Reached skill level 6 in Unarmed Combat
  2461 | D:4      | HP: 2/48 [gnoll/+0 spear (8)]
  2462 | D:4      | Slain by a gnoll

Illustrated notes

Levels and vault maps discovered:
D:1:      dpeg_arrival_prison, layout_basic
D:2:      minmay_evil_eye, layout_loops_ring, serial_bayou_ford_a
D:3:      layout_loops_ring, pdpol_wu_jian_five_deadly_venoms, serial_shops,
          nicolae_lakefront_shop, kennysheep_cross_bottleneck
D:4:      corexii_shantytown, layout_basic, serial_shops, shop

Skill      XL: |  1  2  3  4  5 |
---------------+----------------+-----
Unarmed Combat | 3 4 5 6 |  6.0
Fighting       | |  1.5
Dodging        | |  1.5
Shapeshifting  | |  3.0

Action                     |  1- 3 |  4- 6 || total
---------------------------+-------+-------++-------
  Melee: Unarmed           |    94 |    42 ||   136
         Punch             |       |     2 ||     2
  Throw: Dart              |       |     2 ||     2
   Stab: Sleeping          |     2 |       ||     2
 Armour: Animal skin       |    31 |    13 ||    44
  Dodge: Dodged            |    48 |    20 ||    68

Table legend: (Time is in decaauts)
 A = Elapsed time spent in this place.
 B = Non-inter-level travel time spent in this place.
 C = Inter-level travel time spent in this place.
 D = Time resting spent in this place.
 E = Time spent auto-exploring this place.
 F = Levels seen in this place.
 G = Mean time per level.
                   A        B        C        D        E       F      G
               +--------+--------+--------+--------+--------+-----+--------+
         Total |   2451 |   2336 |    115 |      0 |   2004 |   4 |  612.8 |
       Dungeon |   2451 |   2336 |    115 |      0 |   2004 |   4 |  612.8 |
               +--------+--------+--------+--------+--------+-----+--------+

Top non-repeatable levels by time:
     D:1: 878 daAuts
     D:2: 766 daAuts
     D:3: 663 daAuts
     D:4: 143 daAuts
